Map: Oiseau de foudre EC

Players

DvrCapture - Winner!

  • Race: Terran Terran
  • League: Diamond
  • Spawn Location: 11:00

ZenZ

  • Race: Zerg Zerg
  • League: Diamond
  • Spawn Location: 5:00

VOD

Have the link to the VOD?

Description

Time

  • Played on: Oct. 25, 2019, 12:32 p.m.
  • Length: 24:42
Show
View Real Time Build Order
Export as new Build Order

DvrCapture Terran - Winner!

Build Orders: Reaper Expand 

Get SALT Encoding   

  12  0:06  SCV  
  13  0:21  Supply Depot  
  13  0:22  SCV  
  14  0:36  SCV  
  14  0:37  Refinery  
  15  0:44  Barracks  
  15  0:48  SCV  
  16  1:01  SCV  
  17  1:14  SCV  
  18  1:31  SCV  
  18  1:32  Reaper  
  20  1:40  Bunker  
  20  1:44  Orbital Command  
  19  2:12  SCV  
  19  2:14  Barracks Reactor, Command Center  
  20  2:19  Factory  
  20  2:25  SCV  
  20  2:26  Supply Depot  
  20  2:27  Refinery  
  21  3:15  SCV  
  22  3:25  Supply Depot  
  22  3:26  Orbital Command  
  22  3:30  SCV  
  22  3:31  Hellion x2  
  27  3:37  Starport  
  27  3:42  SCV  
  27  3:44  Barracks Tech Lab  
  28  3:54  SCV  
  29  4:03  SCV  
  29  4:05  Hellion x2  
  29  4:06  SCV  
  35  4:17  Fusion Core  
  35  4:20  SCV x2  
  35  4:22  Viking  
  39  4:28  Supply Depot  
  39  4:29  Hellion x2  
  43  4:40  SCV x2  
  45  4:52  Orbital Command  
  45  5:07  Supply Depot  
  45  5:19  SCV x2  
  45  5:21  Battlecruiser  
  53  5:29  Hellion x2  
  53  5:31  SCV  
  53  5:34  Weapon Refit  
  58  5:36  Armory  
  58  5:39  Barracks Tech Lab  
  58  5:51  Refinery x2  
  58  5:55  Supply Depot  
  58  5:58  SCV x2, Command Center  
  58  6:03  Supply Depot  
  60  6:06  Engineering Bay  
  60  6:10  Supply Depot, SCV x2  
  62  6:22  SCV x2  
  62  6:25  Battlecruiser  
  70  6:34  SCV  
  70  6:35  SCV  
  72  6:46  SCV  
  72  6:47  SCV  
  74  6:49  Hellion x2  
  78  6:55  Factory  
  78  6:58  SCV  
  78  6:59  SCV  
  80  7:11  SCV x2  
  80  7:13  Command Center  
  82  7:23  SCV x2  
  84  7:37  Battlecruiser  
  90  7:59  SCV x2  
  92  8:08  Missile Turret  
  92  8:09  Missile Turret  
  92  8:10  Missile Turret  
  92  8:11  Missile Turret  
  92  8:12  Mag-Field Accelerator  
  92  8:14  Hellion x2, Cyclone  
  92  8:15  Barracks Tech Lab  
  92  8:16  Factory  
  92  8:18  Factory  
  92  8:19  Terran Vehicle Weapons Level 1  
  99  8:22  SCV  
  99  8:23  SCV, Armory  
  99  8:24  SCV  
  102  8:35  SCV  
  102  8:39  Orbital Command  
  103  8:45  Orbital Command  
  103  8:49  Refinery x2  
  103  8:52  Barracks Tech Lab  
  103  8:53  Hellion, Siege Tank  
  103  8:54  Hellion  
  110  8:56  Battlecruiser  
  116  9:09  Missile Turret x2  
  116  9:10  Missile Turret  
  116  9:23  Terran Vehicle And Ship Armor Level 1  
  116  9:27  Supply Depot  
  116  9:29  Supply Depot  
  116  9:30  Supply Depot x2  
  116  9:49  Hellion, Siege Tank, SCV x3  
  116  9:50  Siege Tank x2, SCV  
  131  10:00  Factory  
  131  10:01  Barracks Tech Lab, SCV x2  
  131  10:02  Battlecruiser, SCV  
  131  10:05  Factory  
  140  10:13  Hellion x2  
  144  10:19  SCV  
  144  10:20  SCV  
  146  10:23  Hellion  
  146  10:26  Command Center  
  146  10:27  Command Center  
  148  10:37  Infernal Pre-Igniter  
  148  10:46  Factory  
  148  10:50  Barracks Reactor  
  148  11:31  Siege Tank, SCV x2  
  147  11:37  Cyclone x2  
  147  11:38  Hellion, Cyclone  
  147  11:39  Hellion  
  160  11:46  Factory Tech Lab  
  160  11:50  Hellion x2  
  164  12:29  Cyclone x3  
  176  12:30  Cyclone  
  176  12:31  Hellion  
  176  12:33  Terran Vehicle And Ship Armor Level 2, Terran Vehicle Weapons Level 2  
  176  12:35  Supply Depot  
  176  12:36  Smart Servos  
  178  12:42  Planetary Fortress  
  178  12:49  Refinery  
  178  12:51  Refinery  
  178  12:56  Cyclone  
  178  12:57  Hellion x2  
  185  13:07  Supply Depot  
  185  13:09  Supply Depot  
  185  13:12  Command Center  
  185  13:29  Hellion, Raven  
  185  13:34  Barracks Reactor  
  187  14:01  Siege Tank x3  
  196  14:04  Siege Tank  
  195  14:33  Planetary Fortress  
  195  14:40  Refinery  
  154  15:31  Terran Vehicle Weapons Level 3, Terran Vehicle And Ship Armor Level 3  
  154  15:32  Starport  
  154  15:33  Starport  
  154  15:59  Viking x2  
  154  16:00  Cyclone x2  
  154  16:01  Cyclone x3  
  154  16:02  Hellion x3  
  154  16:03  Hellion  
  181  16:13  Starport Reactor  
  181  16:26  Barracks  
  181  16:27  Starport Reactor  
  181  16:29  Missile Turret  
  181  16:30  Missile Turret  
  181  16:31  Missile Turret  
  181  16:32  Missile Turret x3  
  178  16:52  Command Center  
  178  17:01  Missile Turret  
  178  17:02  Missile Turret  
  177  17:18  Viking x5  
  177  17:19  Viking  
  189  17:34  Refinery  
  174  17:53  Missile Turret  
  174  17:58  Unknown  
  174  17:59  Unknown  
  174  18:05  Planetary Fortress  
  174  18:15  Missile Turret  
  173  18:41  Orbital Command  
  153  19:01  Viking x6  
  153  19:02  Cyclone x2  
  132  19:03  Hellion x2, Cyclone x2  
  132  19:04  Hellion x2  
  116  19:28  Cyclone  
  116  19:29  Hellion x3  
  116  19:31  Viking  
  127  19:34  Cyclone  
  130  19:50  Viking x4  
  130  19:51  Viking  
  130  19:52  Cyclone x3  
  149  19:53  Hellion x3  
  149  19:54  Hellion  
  149  19:56  Terran Ship Weapons Level 1  
  157  20:00  Cyclone  
  162  20:07  Hellion, Liberator x3  
  162  20:08  Liberator x3  
  162  20:21  Hellion x4  
  170  20:24  Cyclone x2  
  170  20:25  Cyclone  
  197  20:28  Hellion  
  117  22:08  Terran Ship Weapons Level 2  
  117  22:20  Starport  
  117  22:29  Cyclone x5  
  134  22:30  Hellion x4  
  105  22:51  Hellion x3  
  109  23:01  Cyclone x3  
  109  23:03  Hellion x7  
  108  23:14  Command Center  
  111  23:20  Hellion, Cyclone x2  
  111  23:21  Hellion x3, Viking x5  
  111  23:22  Viking  
  134  23:33  Cyclone  
Show
View Real Time Build Order
Export as new Build Order

ZenZ Zerg 

Build Orders: Pool First, Brood Lord Corruptor 

Get SALT Encoding   

  12  0:01  Drone  
  13  0:12  Overlord  
  13  0:16  Drone  
  14  0:30  Drone x2  
  16  0:42  Spawning Pool  
  15  0:44  Drone  
  15  0:49  Drone  
  17  0:57  Extractor  
  16  1:14  Hatchery  
  15  1:21  Drone  
  16  1:29  Zergling x4  
  18  1:34  Drone  
  19  2:10  Drone x2  
  19  2:11  Drone  
  22  2:21  Overlord  
  22  2:25  Queen  
  22  2:26  Queen  
  26  2:31  Drone  
  27  2:47  Spine Crawler  
  24  3:15  Drone x5  
  24  3:16  Drone  
  31  3:28  Queen  
  31  3:30  Queen  
  31  3:32  Hatchery  
  34  3:42  Overlord  
  34  3:43  Overlord  
  34  4:10  Roach Warren  
  34  4:12  Drone x8  
  34  4:14  Spore Crawler  
  40  4:31  Drone x6  
  40  4:36  Queen  
  48  4:47  Queen  
  48  4:50  Drone, Overlord  
  48  4:51  Drone, Overlord x2  
  48  4:52  Drone  
  53  5:07  Spore Crawler  
  53  5:12  Extractor  
  51  5:15  Spore Crawler  
  50  5:34  Drone x10, Overlord x2  
  60  5:40  Lair  
  60  5:42  Extractor  
  59  5:46  Zergling x6  
  62  5:50  Extractor  
  62  5:52  Extractor  
  60  5:58  Extractor  
  59  6:06  Evolution Chamber  
  59  6:08  Evolution Chamber  
  57  6:11  Drone x8  
  65  6:39  Drone  
  66  6:40  Overlord x3  
  66  6:41  Overlord x3  
  66  6:44  Zerg Missile Weapons Level 1, Glial Reconstitution, Zerg Ground Armor Level 1  
  66  6:46  Overseer  
  66  6:52  Hydralisk Den  
  65  6:57  Baneling Nest, Overlord x2  
  65  6:59  Drone  
  65  7:00  Drone x10  
  71  7:32  Hydralisk  
  71  7:33  Hydralisk x11  
  71  7:35  Grooved Spines  
  89  7:44  Queen  
  87  8:23  Hatchery  
  87  8:26  Overlord  
  85  8:46  Infestation Pit  
  84  8:48  Zerg Missile Weapons Level 2  
  84  8:49  Zerg Ground Armor Level 2, Spire  
  83  8:59  Drone x8, Overlord  
  83  9:00  Drone x2, Overlord  
  93  9:22  Hatchery, Pneumatized Carapace  
  92  9:35  Queen  
  94  9:38  Drone x5  
  94  9:39  Drone x5  
  94  9:44  Muscular Augments  
  104  9:47  Hive  
  104  9:49  Overlord x2  
  104  10:00  Extractor  
  104  10:02  Extractor  
  104  10:06  Zerg Flyer Weapons Level 1  
  102  10:11  Roach  
  102  10:12  Roach x10  
  124  10:14  Overlord x2  
  124  10:25  Drone x4  
  128  10:45  Overlord  
  128  10:46  Overlord x3  
  128  10:55  Corruptor x13  
  128  10:56  Corruptor x3  
  156  11:21  Hatchery  
  156  11:24  Queen  
  146  11:40  Ravager  
  146  11:41  Ravager x10  
  157  11:47  Extractor  
  157  11:48  Drone x3  
  157  11:49  Drone x2  
  161  12:00  Greater Spire  
  161  12:04  Zerg Ground Armor Level 3, Zerg Melee Weapons Level 1  
  161  12:09  Hatchery  
  158  13:16  Zerg Flyer Weapons Level 2  
  158  13:22  Overlord x2  
  158  13:25  Metabolic Boost  
  158  13:32  Drone  
  158  13:33  Drone x7  
  158  13:34  Drone  
  167  13:38  Hydralisk x7  
  167  13:39  Hydralisk x3  
  185  14:01  Brood Lord  
  185  14:02  Brood Lord x5  
  197  14:03  Brood Lord  
  199  14:44  Adrenal Glands  
  165  15:10  Extractor x2  
  105  15:21  Corruptor x11  
  103  15:22  Corruptor x10  
  145  15:31  Zergling x2  
  145  15:32  Zergling x6  
  145  15:34  Queen  
  151  15:41  Zerg Flyer Armor Level 1  
  147  16:50  Roach  
  147  16:51  Roach x16  
  147  16:52  Roach x6  
  193  17:02  Extractor  
  193  17:03  Extractor  
  191  17:16  Ravager  
  191  17:17  Ravager x2  
  194  17:36  Ravager x5  
  194  17:37  Ravager  
  180  17:53  Brood Lord  
  180  17:55  Brood Lord x4  
  180  17:56  Brood Lord  
  180  17:57  Brood Lord x3  
  130  19:11  Corruptor x2  
  130  19:12  Corruptor x16  
  141  19:23  Hydralisk  
  135  19:24  Hydralisk x13  
  153  19:39  Zergling x2  
  153  19:40  Zergling x26  
  166  20:11  Brood Lord  
  166  20:12  Brood Lord x2  
  166  20:13  Brood Lord  
  157  21:04  Queen  
  159  21:12  Zerg Flyer Armor Level 2  
  121  21:46  Corruptor x14  
  121  21:47  Corruptor x11  
  137  23:23  Brood Lord  
  137  23:24  Brood Lord  
  137  23:26  Brood Lord x2  
  145  23:28  Brood Lord x2  
  149  23:36  Drone  
  145  23:52  Hatchery  
  127  24:01  Drone x13  
  131  24:14  Spine Crawler  
Tags
 
Add a new tag
Caveats
  • Supply blocks, unpowered buildings, or Contaminate may cause inaccurate times.
  • Supply counts are checked every 10 seconds.